 Dungeon Crawl Stone Soup version 0.16-a0-3855-gd2600ac (webtiles) character file.

36 timbw the Caller (level 3, -1/26 HPs)
             Began as a Demigod Summoner on Feb 1, 2015.
             Slain by a centaur (7 damage)
             ... on level 6 of the Dungeon.
             The game lasted 00:03:29 (694 turns).

timbw the Caller (Demigod Summoner)                  Turns: 694, Time: 00:03:29

Health: -1/26      AC:  2    Str: 11    XL:     3   Next: 5%
Magic:  3/8        EV: 12    Int: 21    God:
Gold:   38         SH:  0    Dex: 16    Spells: 3 memorised, 1 level left

rFire  . . .     SeeInvis .     d - +0 spear
rCold  + . .     Clarity  .     a - +0 robe
rNeg   . . .     SustAb   +     (no shield)
rPois  .         Gourm    .     (no helmet)
rElec  .         Spirit   .     (no cloak)
rCorr  .         Warding  .     (no gloves)
rMut   .         Stasis   .     (no boots)
MR     .....                    (no amulet)
Stlth  ++........               (no ring)
                                k - ring of protection from cold

@: not resistant to hostile enchantments, unstealthy
A: sustain abilities
a: no special abilities


You were on level 6 of the Dungeon.
You were not hungry.

You visited 1 branch of the dungeon, and saw 6 of its levels.

You collected 38 gold pieces.

Inventory:

Hand weapons
 d - a +0 spear (weapon)
Armour
 a - a +0 robe (worn)
Jewellery
 k - a ring of protection from cold (left hand)
Scrolls
 e - 2 scrolls of teleportation {unknown}
 f - a scroll of remove curse {unknown}
 h - a scroll of identify {unknown}
 i - a scroll of enchant weapon {unknown}
Potions
 g - a potion of curing
Books
 b - a book of Callings

   Spells                             Type                      Level
   a - Summon Small Mammal            Summoning                    1
   b - Call Imp                       Summoning                    2
   c - Call Canine Familiar           Summoning                    3
   d - Summon Guardian Golem          Hexes/Summoning              4
   e - Summon Lightning Spire         Summoning/Air                4
   f - Summon Ice Beast               Ice/Summoning                4
Comestibles
 c - a bread ration
 j - a chunk of flesh


   Skills:
 - Level 1.7 Dodging
 - Level 1.7 Stealth
 + Level 2.5 Spellcasting
 + Level 4.1 Summonings


You had one spell level left.
You knew the following spells:

 Your Spells              Type           Power        Failure   Level  Hunger
a - Summon Small Mammal   Summ           ###.         2%          1    None
b - Call Imp              Summ           ###.....     4%          2    ##.....
c - Call Canine Familiar  Summ           ###.....     10%         3    ###....


Dungeon Overview and Level Annotations

Branches:
Dungeon (6/15)
 Temple: D:4-7


Innate Abilities, Weirdness & Mutations

Your attributes are resistant to harm.


Message History

A goblin and a centaur come into view.
Found 7 javelins of returning.
The centaur shouts!
The goblin shouts!
The centaur wields a shortbow.
The centaur shoots an arrow.
The arrow misses you.
The centaur shoots an arrow.
The arrow hits you.
You see here an arrow.
The centaur unwields an uncursed shortbow.
The centaur hits you!
* * * LOW HITPOINT WARNING * * *
Casting: Call Canine Familiar
Confirm with . or Enter, or press ? or * to list all spells.
The centaur completely misses you. The centaur hits you.
* * * LOW HITPOINT WARNING * * *
Unknown command.
Casting: Call Canine Familiar
Confirm with . or Enter, or press ? or * to list all spells.
A beastly little devil appears in a puff of frigid air.
The centaur hits you!
You die...

#########
.........#
#.........#
#.......c.#
##......g.@#
........5(.#
#.....(.h.#
#.....(...#
###########


You could see a centaur, a goblin, a friendly hound and a friendly white imp.

Vanquished Creatures
  A gnoll (D:1)
  A ball python (D:1)
  2 bats
  3 goblins
  A kobold (D:3)
  A giant newt (D:1)
  A rat (D:5)
10 creatures vanquished.

Vanquished Creatures (collateral kills)
  A worker ant (D:4)
  An adder (D:5)
  An orc (D:3)
  3 kobolds
  A rat (D:1)
7 creatures vanquished.

Vanquished Creatures (others)
  A bat (D:1)
  A quokka (D:1)
  A rat (D:1)
3 creatures vanquished.

Grand Total: 20 creatures vanquished

Notes
Turn   | Place    | Note
--------------------------------------------------------------
     0 | D:1      | timbw, the Demigod Summoner, began the quest for the Orb.
     0 | D:1      | Reached XP level 1. HP: 14/14 MP: 3/3
   174 | D:2      | Reached XP level 2. HP: 17/20 MP: 2/5
   181 | D:2      | Learned a level 2 spell: Call Imp
   388 | D:4      | Reached skill level 4 in Summonings
   398 | D:4      | HP: 1/20 [poisoned by a worker ant]
   557 | D:5      | Entered Level 5 of the Dungeon
   563 | D:5      | Reached XP level 3. HP: 10/26 MP: 2/8
   564 | D:5      | Found an iron altar of Okawaru.
   579 | D:5      | Learned a level 3 spell: Call Canine Familiar
   689 | D:6      | Noticed a centaur
   694 | D:6      | Slain by a centaur

Action                   || total
-------------------------++-------
Melee: Spear             ||    37
       Unarmed           ||     2
 Cast: Summon Small Mamm ||    10
       Call Imp          ||     8
       Call Canine Famil ||     2
  Use: Potion            ||     1
 Stab: Sleeping          ||     1
